Map: 워터폴

Players

NightMare - Winner!

  • Race: Protoss Protoss
  • Spawn Location: 1:00

Neeb

  • Race: Protoss Protoss
  • Spawn Location: 7:00

Event: DreamHack SC2 Masters 2022 Atlanta (Offline)

VOD

Have the link to the VOD?

Description

Time

  • Played on: Nov. 19, 2022, 9:40 a.m.
  • Length: 11:00

All games in this series

Show
View Real Time Build Order
Export as new Build Order

NightMare Protoss - Winner!

Build Orders: Phoenix Opening, Zealot Archon 

Get SALT Encoding   

  12  0:00  Probe  
  13  0:12  Probe  
  14  0:18  Pylon  
  14  0:24  Probe  
  15  0:36  Probe (Chrono Boost)  
  15  0:38  Gateway  
  16  0:46  Probe (Chrono Boost)  
  16  0:47  Assimilator  
  17  0:51  Probe (Chrono Boost)  
  18  1:00  Assimilator  
  18  1:03  Probe  
  19  1:15  Probe  
  20  1:19  Pylon  
  20  1:27  Probe  
  20  1:31  Cybernetics Core  
  20  1:32  Zealot  
  23  1:39  Probe (Chrono Boost)  
  24  1:42  Pylon  
  24  1:51  Probe (Chrono Boost)  
  25  1:57  Probe (Chrono Boost)  
  26  2:17  Stargate  
  26  2:23  Stalker  
  28  2:31  Nexus  
  28  2:38  Pylon  
  28  2:42  Probe  
  29  2:53  Stalker  
  29  2:56  Probe  
  32  3:03  Phoenix (Chrono Boost)  
  34  3:08  Probe  
  35  3:19  Phoenix  
  35  3:20  Probe  
  35  3:25  Assimilator  
  38  3:32  Probe  
  38  3:43  Probe  
  38  3:44  Phoenix (Chrono Boost), Probe  
  42  3:55  Probe  
  43  3:56  Probe  
  43  4:00  Phoenix  
  46  4:07  Probe, Pylon  
  46  4:08  Probe  
  48  4:13  Stargate  
  48  4:19  Probe  
  48  4:20  Probe  
  48  4:23  Twilight Council  
  50  4:25  Shield Battery  
  50  4:29  Warp Gate (Chrono Boost)  
  48  4:31  Probe  
  48  4:32  Probe  
  48  4:36  Stalker  
  50  4:43  Gateway  
  47  4:47  Probe x2  
  45  4:59  Probe (Chrono Boost)  
  43  5:02  Dark Shrine, Gateway  
  43  5:05  Probe (Chrono Boost)  
  44  5:11  Probe (Chrono Boost), Blink (Chrono Boost)  
  46  5:14  Probe (Chrono Boost)  
  46  5:20  Probe  
  46  5:21  Probe  
  48  5:29  Pylon  
  48  5:32  Probe  
  48  5:33  Probe  
  50  5:40  Gateway  
  50  5:44  Probe  
  50  5:45  Probe  
  50  5:55  Gateway x2  
  50  5:56  Probe  
  51  5:57  Probe  
  52  6:10  Stalker  
  54  6:15  Dark Templar x2  
  58  6:26  Nexus  
  58  6:29  Pylon  
  58  6:36  Stalker x2  
  58  6:39  Archon  
  62  6:44  Pylon  
  62  6:48  Stalker x2  
  62  6:49  Stalker  
  62  6:52  Dark Templar  
  70  7:00  Stalker x2  
  74  7:13  Stalker x2  
  74  7:14  Stalker  
  80  7:24  Stalker x2  
  80  7:25  Zealot  
  80  7:28  Pylon  
  86  7:38  Stalker x2  
  86  7:42  Stalker  
  92  7:45  Probe x2  
  92  7:46  Probe  
  95  7:53  Stalker x2  
  95  7:58  Probe x3  
  102  8:02  Stalker  
  104  8:11  Pylon  
  104  8:12  Pylon  
  104  8:25  Stalker x2  
  104  8:28  Pylon  
  104  8:29  Pylon x2  
  104  8:36  Stalker x3  
  108  8:42  Stalker  
  108  8:49  Robotics Facility  
  108  8:50  Charge (Chrono Boost)  
  106  9:00  Probe x3  
  105  9:03  Gateway  
  105  9:06  Gateway  
  105  9:14  Shield Battery, Zealot x4  
  113  9:24  Zealot x2  
  113  9:25  Pylon  
  113  9:26  Shield Battery  
  117  9:39  Zealot x4  
  125  9:45  Warp Prism (Chrono Boost)  
  125  9:50  Zealot x2  
  131  9:54  Pylon  
  131  9:57  Zealot x2  
  135  10:02  Zealot x2  
  135  10:05  Zealot  
  141  10:12  Zealot  
  141  10:13  Zealot x2  
  147  10:14  Observer  
  147  10:16  Dark Templar  
  150  10:22  Zealot x2  
  150  10:23  Zealot  
  150  10:27  Archon  
  156  10:36  Observer  
  153  10:46  Zealot x6  
  153  10:49  Zealot  
Show
View Real Time Build Order
Export as new Build Order

Neeb Protoss 

Build Orders: Oracle Opening, Phoenix Opening 

Get SALT Encoding   

  12  0:00  Probe  
  13  0:12  Probe  
  14  0:18  Pylon  
  14  0:24  Probe (Chrono Boost)  
  15  0:36  Probe (Chrono Boost)  
  15  0:38  Gateway  
  16  0:45  Probe (Chrono Boost)  
  16  0:46  Assimilator  
  17  0:50  Probe  
  17  0:57  Assimilator  
  18  1:03  Probe (Chrono Boost)  
  19  1:06  Pylon  
  20  1:12  Probe (Chrono Boost)  
  20  1:17  Probe (Chrono Boost)  
  21  1:26  Cybernetics Core  
  21  1:29  Probe  
  22  1:33  Zealot  
  24  1:41  Probe  
  24  1:42  Pylon  
  25  1:53  Probe  
  26  2:02  Stalker  
  26  2:03  Warp Gate  
  26  2:05  Probe  
  29  2:15  Pylon  
  29  2:17  Probe  
  30  2:28  Stargate  
  30  2:41  Nexus  
  30  2:52  Gateway  
  30  2:54  Probe (Chrono Boost)  
  30  3:04  Stalker  
  33  3:06  Probe (Chrono Boost)  
  33  3:11  Probe (Chrono Boost)  
  33  3:12  Pylon  
  34  3:15  Phoenix  
  36  3:20  Probe  
  37  3:27  Shield Battery  
  37  3:33  Probe  
  38  3:37  Twilight Council  
  38  3:42  Oracle (Chrono Boost)  
  38  3:47  Probe  
  42  3:53  Probe  
  43  3:59  Probe  
  43  4:00  Stalker  
  46  4:05  Probe  
  45  4:11  Probe  
  45  4:12  Shield Battery  
  46  4:18  Probe  
  46  4:24  Probe (Chrono Boost)  
  46  4:30  Probe (Chrono Boost), Blink (Chrono Boost)  
  45  4:36  Probe (Chrono Boost)  
  47  4:39  Gateway, Probe (Chrono Boost)  
  47  4:41  Probe (Chrono Boost)  
  47  4:44  Probe  
  48  4:50  Probe  
  50  4:56  Probe  
  46  5:00  Stalker  
  46  5:02  Probe  
  46  5:04  Gateway  
  46  5:05  Gateway  
  49  5:16  Nexus  
  49  5:18  Pylon  
  48  5:29  Pylon  
  48  5:30  Probe x2  
  48  5:33  Stalker x2  
  48  5:35  Pylon  
  54  5:41  Robotics Facility  
  54  5:42  Probe x2  
  54  5:50  Pylon  
  54  5:54  Probe  
  54  5:55  Assimilator  
  54  5:56  Probe  
  56  5:58  Oracle (Chrono Boost)  
  59  6:06  Probe, Pylon  
  59  6:08  Probe  
  61  6:16  Gateway  
  61  6:17  Stalker  
  61  6:18  Probe  
  64  6:21  Probe, Pylon  
  65  6:28  Observer  
  65  6:30  Probe  
  65  6:31  Stalker x2  
  69  6:34  Probe x2  
  69  6:35  Stalker  
  73  6:42  Probe  
  73  6:46  Probe x2  
  76  6:50  Stalker  
  76  6:51  Shield Battery  
  78  6:54  Probe  
  78  6:56  Stalker x2  
  78  6:58  Probe  
  84  7:10  Pylon  
  84  7:12  Stalker  
  84  7:17  Stalker  
  84  7:21  Stalker x2  
  86  7:25  Shield Battery  
  86  7:26  Gateway  
  86  7:27  Gateway  
  86  7:29  Gateway  
  81  7:40  Stalker  
  83  7:46  Stalker x3  
  83  7:59  Pylon  
  83  8:00  Pylon  
  83  8:01  Assimilator  
  82  8:08  Stalker  
  82  8:12  Stalker x3  
  90  8:17  Shield Battery  
  90  8:21  Immortal (Chrono Boost)  
  92  8:30  Stalker  
  90  8:40  Stalker x2  
  88  8:41  Zealot x3  
  89  8:51  Immortal (Chrono Boost)  
  89  8:54  Zealot  
  91  8:57  Cybernetics Core  
  91  9:02  Observer  
  89  9:04  Charge (Chrono Boost)  
  89  9:11  Zealot x5, Observer  
  99  9:22  Warp Prism  
  101  9:30  Nexus  
  101  9:42  Templar Archives  
  101  9:52  Pylon x2  
  101  9:53  Pylon  
  101  10:10  Zealot x5  
  101  10:12  Zealot  
  113  10:17  Zealot  
  115  10:30  Pylon  
  115  10:31  Gateway, High Templar x3  
  115  10:32  High Templar  
  115  10:35  Archon  
  123  10:37  Archon  
  113  10:42  Zealot x3  
Tags
 
Add a new tag
Caveats
  • Supply blocks, unpowered buildings, or Contaminate may cause inaccurate times.
  • Supply counts are checked every 10 seconds.